 Dungeon Crawl Stone Soup version 0.29.0-11-gd7f09526c8 (webtiles) character file.

Game seed: 16071774057849920252

2 Zeldest the Sneak (level 1, -5/10 HPs)
             Began as a Felid Delver on Sept 4, 2022.
             Shot with an arrow by a centaur (8 damage)
             ... on level 5 of the Dungeon.
             The game lasted 00:00:37 (179 turns).

Zeldest the Sneak (Felid Delver)                     Turns: 179, Time: 00:00:37

Health: -5/10      AC:  1    Str:  8    XL:     1   Next: 25%
Magic:  2/2        EV: 17    Int: 11    God:
Gold:   0          SH:  0    Dex: 17    Spells: 0/0 levels left
                                        Lives:  0   Deaths: 0

rFire   . . .      SeeInvis +     - Unarmed
rCold   . . .      Faith    .   (shield unavailable)
rNeg    . . .      Spirit   .   (body armour unavailable)
rPois   .          Reflect  .   (helmet unavailable)
rElec   .          Harm     .   (cloak unavailable)
rCorr   .          Rampage  .   (gloves unavailable)
Will    .....                   (boots unavailable)
Stlth   +++.......              (no amulet)
HPRegen 0.03/turn               (no ring)
MPRegen 0.08/turn               (no ring)

@: quick
A: very small, claws 1, fangs 3, see invisible, speed 1, shaggy fur 1, stealthy
paws, no weapons or thrown items, no armour, multi-lived
a: no special abilities


You were on level 5 of the Dungeon.
You visited 1 branch of the dungeon, and saw 1 of its levels.

Inventory:

Wands
 e - a wand of digging (3)
Scrolls
 a - a scroll of fog
 b - a scroll of magic mapping
 c - a scroll of fear
 f - a scroll of acquirement {unknown}
Potions
 d - a potion of haste
 g - a potion of resistance {unknown}
 h - a potion of curing {unknown}


   Skills:
 + Level 3.0 Fighting
 + Level 2.7 Dodging
 + Level 6.6 Stealth
 + Level 2.0 Unarmed Combat


You couldn't memorise any spells.
You didn't know any spells.
Your spell library was empty.

Dungeon Overview and Level Annotations

Branches:
Dungeon (5/15)
 Temple: D:4-7

Altars:


Innate Abilities, Weirdness & Mutations

You have sharp claws.
You have razor-sharp teeth.
You have supernaturally acute eyesight. (SInv)
You cover ground quickly. (Speed+)
You are covered in fur. (AC +1)
Your paws help you pounce on unaware monsters.
You are incapable of wielding weapons or throwing items.
You cannot wear armour.
You gain extra lives every three experience levels.


Message History

Press ? for a list of commands and other information.
Found a scroll labelled ZISEKE JAAQI.
Found a stone staircase leading down and a stone staircase leading up.
f - a scroll labelled ZISEKE JAAQI
Found a fuming pink potion.
g - a fuming pink potion
Found a purple potion.
h - a purple potion
Found a ring mail. 2 orcs come into view.
A scorpion comes into view.
You barely miss the orc. You barely miss the orc.
The orc hits you with a +0 club.
You closely miss the orc. The orc barely misses you.
You scratch the orc.
The orc is heavily wounded.
The orc closely misses you.
You barely miss the orc.
The orc is heavily wounded.
The orc hits you with a +0 club.
Ouch! That really hurt!
* * * LOW HITPOINT WARNING * * *
You scratch the orc but do no damage. You bite the orc, but do no damage.
The orc is heavily wounded.
The orc barely misses you.
Okay, then.
You scratch the orc.
The orc is almost dead.
The orc closely misses you.
You scratch the orc.
You kill the orc!
You start resting.
An orc is nearby!
The orc shouts!
A centaur comes into view.
The centaur shouts!
The centaur wields a +0 shortbow.
The centaur shoots an arrow.
The arrow hits you!
Ouch! That really hurt!
You die...

. ############ ...
.......)o..########..P..
##.#######......@....P♣
##.# #####.#.#..PP..
..o# #.#c# .♣♣ ##.#
#.#.# .. #...oo... .....
.. ###...... ###.# ..
.##### #.# . # #.#


You could see a centaur.

Vanquished Creatures
  An orc (D:5)
1 creature vanquished.

Notes
Turn   | Place    | Note
-------+----------+-------------------------------------------
     0 | D:5      | Zeldest the Felid Delver began the quest for the Orb.
     0 | D:5      | Reached XP level 1. HP: 10/10 MP: 2/2
    82 | D:5      | Noticed a scorpion
   178 | D:5      | Noticed a centaur
   179 | D:5      | Shot with an arrow by a centaur

Illustrated notes

Levels and vault maps discovered:
D:5:      layout_loops_ring, jmf_multi_god_temple, serial_park_tiny_2,
          uniq_sigmund

Action                   || total
-------------------------++-------
Melee: Unarmed           ||     8
       Bite              ||     1
Dodge: Dodged            ||     4
